 Dungeon Crawl Stone Soup version 0.23-a0-321-g6bcb69f (webtiles) character file.

977 namelastname112 the Slasher (level 7, 51/61 HPs)
             Began as a White Draconian Gladiator on Oct 15, 2018.
             Quit the game on level 4 of the Dungeon.
             The game lasted 00:07:24 (3030 turns).

namelastname112 the Slasher (DrGl)                  Turns: 3030, Time: 00:07:24

Health: 51/61      AC: 11    Str: 17    XL:     7   Next: 95%
Magic:  7/7        EV: 14    Int:  8    God:
Gold:   220        SH:  0    Dex: 14    Spells: 6/6 levels left

rFire    + . .     SeeInvis .   k - +1 dagger (venom)
rCold    + . .     Gourm    .   (no shield)
rNeg     . . .     Faith    .   (armour unavailable)
rPois    .         Spirit   .   (helmet restricted)
rElec    .         Reflect  .   i - +2 cloak
rCorr    .         Harm     .   B - +0 pair of gloves
MR       .....                  y - +0 pair of boots
Stlth    ++........             (no amulet)
HPRegen  0.20/turn              v - ring of stealth
MPRegen  0.10/turn              x - ring of protection from fire

@: no status effects
A: breathe frost, unfitting armour, cold resistance 1, cold-blooded, AC +6
a: Breathe Frost


You were on level 4 of the Dungeon.
You were not hungry.

You visited 1 branch of the dungeon, and saw 4 of its levels.

You collected 220 gold pieces.

Inventory:

Hand Weapons
 a - a +0 long sword
 k - a +1 dagger of venom (weapon)
Missiles
 c - 2 throwing nets
 o - 6 javelins of returning (quivered)
Armour
 i - a +2 cloak (worn)
 y - a +0 pair of boots (worn)
 B - a +0 pair of gloves (worn)
Jewellery
 v - a ring of stealth (left hand)
 x - a ring of protection from fire (right hand)
Wands
 w - a wand of iceblast (3)
 A - a wand of flame (20)
Scrolls
 b - a scroll of amnesia {unknown}
 g - 4 scrolls of teleportation {unknown}
 h - 4 scrolls of identify {unknown}
 j - a scroll of enchant weapon {unknown}
 m - a scroll of immolation {unknown}
 r - 2 scrolls of fog {unknown}
 z - a scroll of remove curse {unknown}
Potions
 e - a potion of lignification {unknown}
 f - a potion of haste {unknown}
 l - a potion of flight {unknown}
 n - a potion of mutation {unknown}
 p - a potion of ambrosia {unknown}
 q - a potion of magic {unknown}
 s - 2 potions of brilliance {unknown}
 t - a potion of heal wounds {unknown}
 u - 3 potions of curing {unknown}
Comestibles
 d - 7 rations
 C - 4 chunks of flesh


   Skills:
 + Level 5.1 Fighting
 * Level 6.8 Long Blades
 + Level 3.4 Throwing
 + Level 4.6 Dodging


You had 6 spell levels left.
You didn't know any spells.
Your spell library was empty.

Dungeon Overview and Level Annotations

Branches:
Dungeon (4/15)
 Temple: D:4-7

Altars:
Ru
Yredelemnul


Innate Abilities, Weirdness & Mutations

You can breathe waves of freezing cold.
You can buffet flying creatures when you breathe cold.
Your icy white scales are hard. (AC +6)
You cannot fit into any form of body armour.
Your flesh is cold resistant. (rC+)
You are cold-blooded and may be slowed by cold attacks.


Message History

Things that are here:
a +0 dagger; a +0 leather armour; an orc corpse
Things that are here:
a +0 dagger of venom; an orc corpse x2
Butcher an orc corpse? [(y)es/(n)o/(a)ll/(q)uit/?]
You butcher the orc corpse. x2
C - a chunk of flesh;
C - 5 chunks of flesh (gained 4)
Things that are here:
a +0 dagger of venom; an orc skeleton x2
Things that are here:
a +0 mace; a +0 chain mail; an orc corpse You start resting.
Eating one of 5 chunks of flesh.
You eat one of the 5 chunks of flesh.
This raw flesh tastes terrible.
You start resting.
Things that are here:
a +0 dagger of venom; an orc skeleton x2
You regained 31 hp, and now have 40/61 hp.
You start resting.
Are you sure you want to abandon this character and quit the game? (Confirm

###..# #.(...[####.## #.# #..#
#......# #..# #.# #..##
#......# ##)## #.# ##..#
#.#'#### #..# #.# #...# #.#.#
##.###.# #...#
#.#.#########..##.##
###.########.#.................
#.........)############..#.##
######.....)@)(((.(..........
#.....#############...##
#.....##.....#######..#
..'.....''.....'.......>#
...#.....##.....########## ..
#.....##.....# . #.....##.....#
#......####### .........#


There were no monsters in sight!

Vanquished Creatures
  Pikel (D:4)
  An orc warrior (D:4)
  2 slaves (D:4)
  An ogre (D:3)
  An orc priest (D:4)
  Crazy Yiuf (D:2)
  An orc wizard (D:4)
  Ijyb (D:4)
  Natasha (thrice) (D:2)
  Robin (D:2)
  4 gnolls (D:2)
  7 adders
  3 worms (D:2)
  3 dart slugs
  A leopard gecko (D:3)
  5 orcs
  2 ball pythons
  5 giant cockroaches
  15 goblins
  7 hobgoblins
  6 bats
  4 frilled lizards (D:2)
  4 kobolds
  11 rats
90 creatures vanquished.

Vanquished Creatures (others)
  2 slaves (D:4)
  An ooze (D:4)
  A worm (D:4)
4 creatures vanquished.

Grand Total: 94 creatures vanquished

Notes
Turn   | Place    | Note
-------+----------+-------------------------------------------
     0 | D:1      | namelastname112 the Draconian Gladiator began the quest for
                  | the Orb.
     0 | D:1      | Reached XP level 1. HP: 17/17 MP: 1/1
   118 | D:1      | Reached XP level 2. HP: 22/25 MP: 2/2
   659 | D:2      | Noticed Natasha
   664 | D:2      | Killed Natasha
   664 | D:2      | Reached XP level 3. HP: 28/30 MP: 3/3
   697 | D:2      | Found a basalt altar of Yredelemnul.
   776 | D:2      | Reached skill level 4 in Long Blades
   797 | D:2      | Noticed Natasha
   816 | D:2      | Killed Natasha
   816 | D:2      | Reached XP level 4. HP: 23/38 MP: 4/4
  1084 | D:2      | Reached XP level 5. HP: 8/45 MP: 5/5
  1318 | D:2      | Noticed Natasha
  1327 | D:2      | Killed Natasha
  1530 | D:2      | Noticed Robin
  1549 | D:2      | Killed Robin
  1550 | D:2      | Reached skill level 5 in Long Blades
  1650 | D:2      | Found a runed door.
  1654 | D:2      | Noticed Crazy Yiuf
  1664 | D:2      | Killed Crazy Yiuf
  1879 | D:3      | Reached XP level 6. HP: 52/52 MP: 6/6
  2419 | D:4      | Found a sacrificial altar of Ru.
  2526 | D:4      | Noticed Ijyb
  2544 | D:4      | Killed Ijyb
  2615 | D:4      | Noticed a slave
  2617 | D:4      | Noticed a slave
  2618 | D:4      | Noticed Pikel
  2618 | D:4      | Noticed a slave
  2618 | D:4      | Noticed a slave
  2640 | D:4      | Killed a slave
  2643 | D:4      | Killed a slave
  2669 | D:4      | Killed Pikel
  2669 | D:4      | Reached skill level 6 in Long Blades
  2669 | D:4      | Your scales start taking on an icy white colour.
  2669 | D:4      | Reached XP level 7. HP: 30/60 MP: 7/7
  2669 | D:4      | Gained mutation: Your flesh is cold resistant. (rC+) [White
                  | Draconian growth]
  2799 | D:4      | Reached skill level 5 in Fighting
  3030 | D:4      | Quit the game

Vault maps used:
D:1:      dpeg_arrival_shrine
D:2:      old_standard_altar, st_stairs_1, uniq_robin, uniq_crazy_yiuf_cottage,
          uniq_natasha
D:3:      first_ration
D:4:      serial_shops, shop_fountains, minmay_misc_feat_rows,
          hangedman_ru_absence, uniq_pikel, uniq_ijyb

Skill      XL: |  1  2  3  4  5  6  7 |
---------------+----------------------+-----
Dodging        | 3 4 |  4.6
Long Blades    | 4 5 6 |  6.8
Fighting       | 3 4 5 |  5.1
Throwing       | 2 3 |  3.4

Action                   |  1- 3 |  4- 6 |  7- 9 || total
-------------------------+-------+-------+-------++-------
Melee: Long sword        |    29 |       |       ||    29
       Tailslap          |    10 |    29 |     1 ||    40
       Dagger            |    31 |   194 |     8 ||   233
Throw: Javelin           |       |    16 |       ||    16
       Throwing net      |       |     1 |       ||     1
 Abil: Breathe Frost     |       |       |     1 ||     1
Evoke: Wand              |       |       |     2 ||     2
 Stab: Sleeping          |     1 |     1 |       ||     2
  Eat: Chunk             |       |     6 |     1 ||     7
Armor: Skin              |    14 |    53 |     2 ||    69
Dodge: Dodged            |    43 |   142 |     8 ||   193
       Rpst.: Long sword |     6 |       |       ||     6

Table legend:
 A = Non-vault XP
 B = Vault XP
 C = Vault XP percentage of total XP
 D = Non-vault monster count
 E = Vault monster count
 F = Vault count percentage of total count
                 A         B        C        D         E       F
            +---------+---------+-------+---------+---------+-------
      Total |     635 |     762 |  54.5 |      74 |      14 |  15.9
            +---------+---------+-------+---------+---------+-------
        D:1 |      22 |       0 |   0.0 |      12 |       0 |   0.0
        D:2 |     199 |     119 |  37.4 |      32 |      12 |  27.3
        D:3 |     198 |       0 |   0.0 |      24 |       0 |   0.0
        D:4 |     216 |     643 |  74.9 |       6 |       2 |  25.0
            +---------+---------+-------+---------+---------+-------
